 Dungeon Sprint DCSS version 0.30-a0-779-g7971cf19c3 (webtiles) character file.

Game seed: 10732276067963965296

63748 retardedninja the Axe Maniac (level 14, -1/168 HPs)
             Began as a Minotaur Berserker on Feb 17, 2023.
             Was the Champion of Trog.
             Slain by an Orb Guardian (9 damage)
             ... in the Dungeon (Sprint IX: "|||||||||||||||||||||||||||||").
             The game lasted 00:11:21 (6110 turns).

retardedninja the Axe Maniac (Minotaur Berserker)   Turns: 6110, Time: 00:11:21

Health: -1/168     AC: 40    Str: 33    XL:     14   Next: 69%
Magic:  13/13      EV: 17    Int:  1    God:    Trog [******]
Gold:   1840       SH:  0    Dex: 20    Spells: 13/13 levels left

rFire   . . .      SeeInvis +    v - +5 battleaxe of Trog's Condemnation {flame, rElec rCorr Int-3 Dex+6}
rCold   . . .      Faith    .    (shield currently unavailable)
rNeg    . . .      Spirit   .    u - +8 plate armour of Gozag's Benevolence {rPois Dex+4}
rPois   +          Reflect  .    k - +0 mask of the Dragon {Will+ Slay+3 SInv}
rElec   +          Harm     .    r - +0 cloak
rCorr   +          Rampage  .    g - +2 pair of gloves
Will    ++++.      NoTele   +    a - +2 pair of boots Stlth
                                 (no amulet)
HPRegen 1.48/turn                m - +3 ring of strength
MPRegen 0.13/turn                n - +3 ring of strength

@: marked, strong-willed, on berserk cooldown, regenerating, slowed, very slow
A: horns 2, retaliatory headbutt
a: Renounce Religion, Berserk, Trog's Hand, Brothers in Arms


You were in the Dungeon.
You worshipped Trog.
Trog was exalted by your worship.
You visited 1 branch You collected 1915 gold pieces.
You spent 75 gold pieces at shops.

Inventory:

Hand Weapons
 b - the +4 battleaxe of Niuj {flame, Dex+3}
   (Trog gifted it to you in the Dungeon)

   Dex:       It affects your dexterity (+3).
 s - the +5 broad axe of Kerhere {flame, Dex+3}
   (Trog gifted it to you in the Dungeon)

   Dex:       It affects your dexterity (+3).
 v - the +5 battleaxe of Trog's Condemnation (weapon) {flame, rElec rCorr Int-3 Dex+6}
   (Trog gifted it to you in the Dungeon)

   Int:       It affects your intelligence (-3).
   Dex:       It affects your dexterity (+6).
   rElec:     It insulates you from electricity.
   rCorr:     It protects you from acid and corrosion.
Armour
 a - a +2 pair of boots (worn)
 g - a +2 pair of gloves (worn)
 k - the +0 mask of the Dragon (worn) {Will+ Slay+3 SInv}
   (You found it in the Dungeon)

   Slay:      It affects your accuracy & damage with ranged weapons and melee
   (+3).
   SInv:      It lets you see invisible.
   Will:      It increases your willpower.
 r - a +0 cloak (worn)
 u - the +8 plate armour of Gozag's Benevolence (worn) {rPois Dex+4}
   (You found it in the Dungeon)

   Dex:       It affects your dexterity (+4).
   rPois:     It protects you from poison.
Jewellery
 m - a +3 ring of strength (left hand)
 n - a +3 ring of strength (right hand)
Wands
 j - a wand of roots (10)
 o - a wand of polymorph (2)
Scrolls
 h - a scroll of blinking
 l - 6 scrolls of enchant weapon
 p - 2 scrolls of fog
 q - 2 scrolls of identify
Potions
 c - 5 potions of curing
 e - 2 potions of resistance
 f - 4 potions of magic
 i - a potion of mutation


   Skills:
 O Level 27 Fighting
 O Level 27 Axes
 + Level 26.6 Armour
 + Level 13.0 Dodging
 + Level 8.2 Stealth


You had 13 spell levels left.
You didn't know any spells.
Your spell library was empty.

Dungeon Overview and Level Annotations

Branches:
Dungeon (1/1)

Altars:
Cheibriados
Dithmenos
Elyvilon
Fedhas
Gozag
Hepliaklqana
Kikubaaqudgha
Makhleb
Nemelex Xobeh
Okawaru
Qazlal
Ru
Sif Muna
Trog
Uskayaw
Vehumet
Wu Jian
Xom
Yredelemnul
Zin
The Shining One
Jiyva
Lugonu

Shops:
D *[[?


Innate Abilities, Weirdness & Mutations

You have a pair of horns on your head.
You reflexively headbutt those who attack you in melee.


Message History

Unknown command.
The Orb Guardian misses you.
The vault sentinel hits you with a +0 falchion.
* * * LOW HITPOINT WARNING * * *
The sphinx casts a spell.
Something smites you!
* * * LOW HITPOINT WARNING * * *
The Orb Guardian hits you but does no damage.
The vault sentinel points at you and mumbles some strange words.
You resist with almost no effort.
Okay, then.
You closely miss the Orb Guardian.
The Orb Guardian is heavily wounded.
You slash the vault sentinel! You burn the vault sentinel.
The Orb Guardian hits you.
* * * LOW HITPOINT WARNING * * *
The merfolk aquamancer casts a spell.
The merfolk aquamancer blinks!
The vault sentinel barely misses you.
The Orb Guardian hits you but does no damage.
You slash the Orb Guardian! You burn the Orb Guardian!
The Orb Guardian is severely wounded.
You slice the vault sentinel!! You burn the vault sentinel!
You kill the vault sentinel!
Trog accepts your kill.
Trog appreciates your killing of a magic user.
The Orb Guardian hits you but does no damage.
You carve the sphinx like a ham!!! You burn the sphinx!
The sphinx is severely wounded.
You closely miss the Orb Guardian.
The Orb Guardian hits you but does no damage.
The merfolk aquamancer casts a spell.
The merfolk aquamancer blinks!
The sphinx hits you but does no damage. x3
The Orb Guardian hits you but does no damage.
You chop the sphinx into pieces!!! You burn the sphinx.
You kill the sphinx!
Trog accepts your kill.
Trog appreciates your killing of a magic user.
You slash the Orb Guardian! You burn the Orb Guardian.
The Orb Guardian hits you!
You die...

.▓.▓.▓.▓.▓.▓.▓.▓.▓,*,*,*,*,*,*,*,
.▓.▓.▓.▓!▓.▓)▓.▓.▓,*,*,*,*,*,*,*,
.▓.▓.▓.▓.▓.▓)▓.▓.▓,*,*,*+*,*,*,*,
.▓.▓.▓.▓.▓.▓.▓.▓+▓,*,*,*,*,*+*,*,
.▓.▓.▓.▓.▓.▓)▓.▓.▓,*,*,*,*,*,*,*,
.▓.▓.▓.▓.▓.▓.▓.▓)▓,*,*,*,*,*,*,*,
.▓.▓.▓.▓.▓.▓.▓.▓m▓,*,*,*,*,*,*,*,
)▓.▓)▓.▓.▓.▓.▓.▓X▓,*,*,*,*,*,*,*,
'▓.▓)▓.▓.▓.▓.▓.▓@▓,*,*,*,*,*,*,*,
.▓[▓)▓.▓'▓.▓.▓.▓)▓,*,*,*,*,*,*,*,
.▓.▓)▓.▓.▓.▓.▓.▓p▓,*,*,*,*,*,*,*,
.▓.▓)▓.▓)▓.▓.▓.▓.▓,*,*,*,*,*,*,*,
.▓.▓)▓.▓)▓.♣)♣.▓)▓,*,*,*,*,*,*,*,
.▓.▓∩▓.▓(▓.♣)♣.▓.▓,*,*,*,*,*,*,*,
.▓.▓.▓.▓)▓.♣.♣.▓.▓,*,*,*,*,*,*,*,
.▓.▓∩▓.▓)▓.♣.♣.▓.▓,*,*,*,*,*,*,*,
.▓.▓.▓.▓)▓.♣.♣.▓.▓,*,*,*+*,*,*,*,


You could see an Orb Guardian, a merfolk aquamancer and a vault sentinel.

Vanquished Creatures
  Gastronok (D)
  A shadow dragon (D)
  A sphinx (D)
  A nagaraja (D)
  An emperor scorpion (D)
  A fire giant (D)
  2 vault wardens (D)
  5 stone giants (D)
  A very ugly thing (D)
  2 ironbound preservers (D)
  An eleionoma (D)
  A bunyip (D)
  A vampire knight (D)
  2 spark wasps (D)
  3 ettins (D)
  A yaktaur captain (D)
  A fire dragon (D)
  2 entropy weavers (D)
  Josephine (D)
  2 hydras (D)
  A great orb of eyes (D)
  An ironbound frostheart (D)
  A rakshasa (D)
  Erica (D)
  3 centaur warriors (D)
  3 boulder beetles (D)
  A two-headed ogre (D)
  An alligator (D)
  A deep troll shaman (D)
  A deep troll earth mage (D)
  A tengu warrior (D)
  A vampire mage (D)
  6 orc high priests (D)
  A hell knight (D)
  A shock serpent (D)
  Urug (D)
  A spriggan druid (D)
  2 glowing orange brains (D)
  2 ironbound convokers (D)
  A naga ritualist (D)
  A swamp dragon (D)
  An orc knight (D)
  2 ugly things (D)
  A mana viper (D)
  A wolf spider (D)
  2 will-o-the-wisps (D)
  3 manticores (D)
  A salamander (D)
  3 black mambas (D)
  An elephant (D)
  A water nymph (D)
  3 vault sentinels (D)
  2 naga magi (D)
  7 cane toads (D)
  A demonic crawler (D)
  Psyche (D)
  A komodo dragon (D)
  A tengu conjurer (D)
  An efreet (D)
  A troll (D)
  A merfolk (D)
  3 wind drakes (D)
  2 tyrant leeches (D)
  A polar bear (D)
  4 blink frogs (D)
  3 slime creatures (D)
  A jumping spider (D)
  3 yaks (D)
  A vampire (D)
  5 wraiths (D)
  2 shadows (D)
  A basilisk (D)
  4 vampire mosquitoes (D)
  2 redbacks (D)
  2 water moccasins (D)
  14 orc warriors (D)
  A wolf (D)
  A centaur (D)
  2 bullfrogs (D)
  A necrophage (D)
  A scorpion (D)
  6 orc priests (D)
  An iguana (D)
  An orc wizard (D)
  An ufetubus (D)
  8 orcs (D)
  A giant cockroach (D)
  A bat (D)
  A frilled lizard (D)
  2 kobolds (D)
174 creatures vanquished.

Vanquished Creatures (collateral kills)
  A very ugly thing (D)
  A merfolk impaler (D)
  An ettin (D)
  A rakshasa (D)
  A spriggan air mage (D)
  2 orc high priests (D)
  A water nymph (D)
  An orc priest (D)
9 creatures vanquished.

Vanquished Creatures (others)
  A fire dragon (D)
  An ugly thing (D)
  3 foxfires (D)
5 creatures vanquished.

Grand Total: 188 creatures vanquished

Notes
Turn   | Place    | Note
-------+----------+-------------------------------------------
     0 | D        | retardedninja the Minotaur Berserker began the quest for
                  | the Orb.
     0 | D        | Reached XP level 1. HP: 19/19 MP: 0/0
    17 | D        | Reached ** piety under Trog
   371 | D        | Noticed an iguana
   371 | D        | Noticed a necrophage
   371 | D        | Noticed a scorpion
   377 | D        | Killed an iguana
   378 | D        | Reached skill level 5 in Axes
   378 | D        | Reached XP level 2. HP: 21/30 MP: 1/1
   378 | D        | Reached XP level 3. HP: 26/37 MP: 2/2
   381 | D        | Killed a necrophage
   382 | D        | Reached XP level 4. HP: 34/48 MP: 3/3
   382 | D        | Reached *** piety under Trog
   387 | D        | Killed a scorpion
   388 | D        | Reached XP level 5. HP: 37/56 MP: 4/4
   657 | D        | Found a snail-covered altar of Cheibriados.
   657 | D        | Found a shadowy altar of Dithmenos.
   657 | D        | Found a white marble altar of Elyvilon.
   657 | D        | Found a blossoming altar of Fedhas.
   657 | D        | Found an opulent altar of Gozag.
   658 | D        | Found a hazy altar of Hepliaklqana.
   659 | D        | Found a viscous altar of Jiyva.
   660 | D        | Found an ancient bone altar of Kikubaaqudgha.
   661 | D        | Found a corrupted altar of Lugonu.
   662 | D        | Found a burning altar of Makhleb.
   663 | D        | Found a sparkling altar of Nemelex Xobeh.
   664 | D        | Found an iron altar of Okawaru.
   665 | D        | Found a stormy altar of Qazlal.
   666 | D        | Found a sacrificial altar of Ru.
   667 | D        | Found a shimmering blue altar of Sif Muna.
   668 | D        | Found a bloodstained altar of Trog.
   669 | D        | Found a hide-covered altar of Uskayaw.
   670 | D        | Found a radiant altar of Vehumet.
   671 | D        | Found an ornate altar of the Wu Jian Council.
   672 | D        | Found a shimmering altar of Xom.
   673 | D        | Found a basalt altar of Yredelemnul.
   674 | D        | Found a glowing silver altar of Zin.
   675 | D        | Found a glowing golden altar of the Shining One.
   732 | D        | Noticed a vampire
   732 | D        | Noticed a yak
   732 | D        | Noticed a troll
   732 | D        | Noticed a shadow
   732 | D        | Noticed a shadow
   732 | D        | Noticed an orc warrior
   734 | D        | Killed a vampire
   734 | D        | Reached **** piety under Trog
   735 | D        | Reached skill level 10 in Fighting
   735 | D        | Reached skill level 10 in Axes
   735 | D        | Reached skill level 5 in Armour
   735 | D        | Reached skill level 5 in Dodging
   735 | D        | Reached XP level 6. HP: 67/67 MP: 5/5
   738 | D        | Killed a yak
   741 | D        | Killed a troll
   742 | D        | Reached skill level 1 in Stealth
   742 | D        | Reached XP level 7. HP: 26/78 MP: 6/6
   748 | D        | Killed a shadow
   753 | D        | Killed a shadow
   753 | D        | Reached ***** piety under Trog
   756 | D        | Reached XP level 8. HP: 56/86 MP: 7/7
   993 | D        | Noticed a red ugly thing
   993 | D        | Noticed a two-headed ogre
   993 | D        | Noticed a green ugly thing
   993 | D        | Noticed a boulder beetle
  1000 | D        | Killed a boulder beetle
  1007 | D        | Killed a red ugly thing
  1007 | D        | Identified the +4 battleaxe of Niuj {flame, Dex+3} (Trog
                  | gifted it to you in the Dungeon)
  1007 | D        | Received a gift from Trog
  1008 | D        | Reached XP level 9. HP: 67/96 MP: 8/8
  1009 | D        | Killed a two-headed ogre
  1010 | D        | Reached skill level 15 in Fighting
  1010 | D        | Reached skill level 15 in Axes
  1015 | D        | Killed a green ugly thing
  1016 | D        | Reached skill level 10 in Armour
  1406 | D        | Found the +0 mask of the Dragon {Will+ Slay+3 SInv}
  1448 | D        | Noticed a cane toad
  1448 | D        | Noticed a black mamba
  1448 | D        | Noticed a cane toad
  1448 | D        | Noticed an elephant
  1449 | D        | Noticed a cane toad
  1450 | D        | Killed a cane toad
  1455 | D        | Noticed a cane toad
  1456 | D        | Killed a black mamba
  1457 | D        | Reached XP level 10. HP: 94/107 MP: 9/9
  1457 | D        | Killed a cane toad
  1458 | D        | Reached skill level 5 in Stealth
  1462 | D        | Killed an elephant
  1462 | D        | Received a gift from Trog
  1464 | D        | Killed a cane toad
  1469 | D        | Killed a cane toad
  1914 | D        | Noticed a cane toad
  1914 | D        | Noticed a cane toad
  1919 | D        | Killed a cane toad
  1921 | D        | Killed a cane toad
  1923 | D        | Received a gift from Trog
  1932 | D        | Reached skill level 10 in Dodging
  2244 | D        | Noticed a cane toad
  2252 | D        | Received a gift from Trog
  2259 | D        | Killed a cane toad
  2260 | D        | Reached XP level 11. HP: 111/117 MP: 10/10
  3016 | D        | Noticed Urug
  3026 | D        | Killed Urug
  3026 | D        | Received a gift from Trog
  3138 | D        | Noticed Gastronok
  3148 | D        | Killed Gastronok
  3168 | D        | Noticed Josephine
  3175 | D        | Reached ****** piety under Trog
  3178 | D        | Killed Josephine
  3181 | D        | Received a gift from Trog
  3199 | D        | Noticed Psyche
  3207 | D        | Killed Psyche
  3317 | D        | Noticed an ettin
  3325 | D        | Killed an ettin
  3326 | D        | Received a gift from Trog
  3349 | D        | Received a gift from Trog
  3406 | D        | Noticed an orc knight
  3419 | D        | Killed an orc knight
  3436 | D        | Identified the +5 broad axe of Kerhere {flame, Dex+3} (Trog
                  | gifted it to you in the Dungeon)
  3436 | D        | Received a gift from Trog
  3662 | D        | Found Guocilem's Assorted Antiques.
  3662 | D        | Noticed an orc high priest
  3662 | D        | Noticed an orc high priest
  3664 | D        | Killed an orc high priest
  3666 | D        | Received a gift from Trog
  3666 | D        | Noticed an orc high priest
  3667 | D        | Found Qiudghor's Armour Shoppe.
  3667 | D        | Noticed an orc high priest
  3668 | D        | Killed an orc high priest
  3670 | D        | Noticed a sun demon
  3673 | D        | Noticed a sixfirhy
  3678 | D        | Killed an orc high priest
  3679 | D        | Reached XP level 12. HP: 74/133 MP: 11/11
  3681 | D        | Killed an orc high priest
  3684 | D        | Noticed an orc high priest
  3687 | D        | Found Bima's Antique Armour Emporium.
  3690 | D        | Killed an orc high priest
  3693 | D        | Found Jiemu's Magic Scroll Shoppe.
  3959 | D        | Noticed an orc high priest
  3960 | D        | Noticed an orc high priest
  3960 | D        | Noticed an orc high priest
  3969 | D        | Killed an orc high priest
  3974 | D        | Killed an orc high priest
  3975 | D        | Reached skill level 15 in Armour
  3977 | D        | Killed an orc high priest
  4007 | D        | Bought a scroll of enchant armour for 75 gold pieces
  4088 | D        | Noticed Erica
  4093 | D        | Killed Erica
  4093 | D        | Received a gift from Trog
  4174 | D        | Got the +8 plate armour of Gozag's Benevolence {rPois
                  | Dex+4}
  4264 | D        | Noticed a centaur warrior
  4265 | D        | Noticed a five-headed hydra
  4271 | D        | Killed a centaur warrior
  4271 | D        | Noticed a fire dragon
  4277 | D        | Killed a three-headed hydra
  4277 | D        | Noticed a stone giant
  4280 | D        | Received a gift from Trog
  4282 | D        | Noticed a deep troll earth mage
  4283 | D        | Noticed a stone giant
  4284 | D        | Killed a fire dragon
  4286 | D        | Noticed a rakshasa
  4288 | D        | Killed a stone giant
  4290 | D        | Noticed a vampire knight
  4291 | D        | Killed a deep troll earth mage
  4295 | D        | Killed a stone giant
  4295 | D        | Received a gift from Trog
  4302 | D        | Killed a rakshasa
  4306 | D        | Killed a vampire knight
  4496 | D        | Noticed a spark wasp
  4496 | D        | Noticed a spark wasp
  4499 | D        | Killed a spark wasp
  4500 | D        | Reached XP level 13. HP: 147/147 MP: 12/12
  4503 | D        | Killed a spark wasp
  4519 | D        | Noticed an emperor scorpion
  4530 | D        | Killed an emperor scorpion
  4532 | D        | Identified the +5 battleaxe of Trog's Condemnation {flame,
                  | rElec rCorr Int-3 Dex+6} (Trog gifted it to you in the
                  | Dungeon)
  4532 | D        | Received a gift from Trog
  4713 | D        | Noticed a nagaraja
  4726 | D        | Killed a nagaraja
  4731 | D        | Identified the +12 great sword of Focus {heavy, Dex+3}
                  | (Trog gifted it to you in the Dungeon)
  4731 | D        | Received a gift from Trog
  5128 | D        | Noticed a merfolk impaler
  5152 | D        | Killed a merfolk impaler
  5152 | D        | Received a gift from Trog
  5304 | D        | Noticed an eleionoma
  5304 | D        | Noticed a bunyip
  5315 | D        | Killed an eleionoma
  5319 | D        | Killed a bunyip
  5322 | D        | Received a gift from Trog
  5455 | D        | Noticed an ettin
  5455 | D        | Noticed an ettin
  5460 | D        | Received a gift from Trog
  5461 | D        | Noticed a shadow dragon
  5467 | D        | Killed an ettin
  5468 | D        | Noticed an ettin
  5470 | D        | Noticed a stone giant
  5475 | D        | Killed an ettin
  5476 | D        | Reached skill level 27 in Axes
  5483 | D        | Killed a shadow dragon
  5483 | D        | Received a gift from Trog
  5484 | D        | Reached XP level 14. HP: 133/166 MP: 13/13
  5487 | D        | Noticed a white very ugly thing
  5488 | D        | Killed a stone giant
  5489 | D        | Reached skill level 27 in Fighting
  5519 | D        | Received a gift from Trog
  5522 | D        | Killed a white very ugly thing
  5524 | D        | Noticed a fire giant
  5526 | D        | Noticed a stone giant
  5532 | D        | Killed a fire giant
  5537 | D        | Killed a stone giant
  5544 | D        | Noticed a stone giant
  5569 | D        | Killed a stone giant
  5692 | D        | Received a gift from Trog
  6055 | D        | Received a gift from Trog
  6058 | D        | Noticed a vault warden
  6059 | D        | Noticed a vault warden
  6061 | D        | Noticed an ironbound preserver
  6062 | D        | Noticed a purple very ugly thing
  6077 | D        | Killed a vault warden
  6078 | D        | Noticed a sphinx
  6082 | D        | Killed a vault warden
  6082 | D        | Received a gift from Trog
  6083 | D        | Noticed an ironbound preserver
  6085 | D        | Killed an ironbound preserver
  6089 | D        | Killed a purple very ugly thing
  6098 | D        | Noticed an Orb Guardian
  6102 | D        | Received a gift from Trog
  6102 | D        | Killed an ironbound preserver
  6106 | D        | HP: 5/168 [sphinx/divine providence (11)]
  6110 | D        | Killed a sphinx
  6110 | D        | Slain by an Orb Guardian

Illustrated notes

Levels and vault maps discovered:
D:        linesprint [early_d, line_temple, items_1, d_10, items_2, lair_1,
          lair_end, items_3, orc_1, orc_end, items_4, d_15, swamp_1, shoals_1,
          snake_1, spider_1, d_20, vaults_1, items_5, swamp_end, shoals_end,
          snake_end, spider_end, vaults_end, d_27, items_6, zot_1, zot_end,
          crypt_end, forest_end, elf_end, slime_end, tomb_end, abyss_end,
          pan_hell_end]

Skill      XL: |  1  2  3  4  5  6  7  8  9 10 11 12 13 14 |
---------------+-------------------------------------------+-----
Fighting       | 6 7 8 10 12 13 14 16 17 20 22 26 27 | 27.0
Axes           | 5 7 8 10 12 13 14 16 19 22 24 27 | 27.0
Armour         | 3 4 5 6 7 9 10 12 14 17 19 26 | 26.6
Dodging        | 3 4 5 6 7 8 9 10 11 12 13 | 13.0
Stealth        | 1 2 4 7 8 |  8.2

Action                     |  1- 3 |  4- 6 |  7- 9 | 10-12 | 13-15 || total
---------------------------+-------+-------+-------+-------+-------++-------
  Melee: Hand axe          |    24 |     8 |       |       |       ||    32
         Headbutt          |     4 |     2 |     8 |    40 |    46 ||   100
         War axe           |       |     9 |    35 |       |       ||    44
         Battleaxe         |       |       |     8 |   197 |   188 ||   393
         Punch             |       |       |     1 |       |       ||     1
 Invoke: Berserk           |     1 |       |       |     3 |     5 ||     9
         Trog's Hand       |     1 |       |       |     2 |     5 ||     8
         Brothers in Arms  |       |       |       |     2 |     7 ||     9
    Use: Potion            |       |       |     4 |     4 |     5 ||    13
         Scroll            |       |       |     2 |     4 |     2 ||     8
   Stab: Invisible         |       |       |     4 |       |       ||     4
         Petrifying        |       |       |     1 |       |       ||     1
 Armour: Animal skin       |     2 |     2 |       |       |       ||     4
         Scale mail        |       |     1 |     5 |    11 |       ||    17
         Chain mail        |       |       |       |     8 |       ||     8
         Plate armour      |       |       |       |    18 |   106 ||   124
  Dodge: Dodged            |    13 |     5 |    17 |    94 |   100 ||   229

Table legend: (Time is in decaauts)
 A = Elapsed time spent in this place.
 B = Non-inter-level travel time spent in this place.
 C = Inter-level travel time spent in this place.
 D = Time resting spent in this place.
 E = Time spent auto-exploring this place.
 F = Levels seen in this place.
 G = Mean time per level.
                   A        B        C        D        E       F      G
               +--------+--------+--------+--------+--------+-----+--------+
         Total |   6038 |   5737 |    301 |   4088 |    162 |   1 | 6038.0 |
       Dungeon |   6038 |   5737 |    301 |   4088 |    162 |   1 | 6038.0 |
               +--------+--------+--------+--------+--------+-----+--------+

Top non-repeatable levels by time:
       D: 6038 daAuts
